 Dungeon Crawl Stone Soup version 0.28.0-53-g5a82cb258f (webtiles) character file.

Game seed: 16721296356316163138

9 SanguineChosen the Chopper (level 2, 0/27 HPs)
             Began as a Hill Orc Cinder Acolyte on June 20, 2022.
             Was a High Priest of Ignis.
             Slain by a hobgoblin
             ... wielding a +0 club
              (1 damage)
             ... on level 1 of the Dungeon.
             The game lasted 00:01:13 (41 turns).

SanguineChosen the Chopper (Hill Orc Cinder Acolyte)  Turns: 41, Time: 00:01:14

Health: 0/27       AC:  2    Str: 16    XL:     2   Next: 16%
Magic:  3/3        EV: 11    Int: 14    God:    Ignis [*****.]
Gold:   0          SH:  0    Dex:  6    Spells: 3/3 levels left

rFire   + . .      SeeInvis .   a - -1 hand axe (flame)
rCold   . . .      Faith    .   (no shield)
rNeg    . . .      Spirit   .   b - +0 robe
rPois   .          Reflect  .   (no helmet)
rElec   .          Harm     .   (no cloak)
rCorr   .          Rampage  .   (no gloves)
Will    .....                   (no boots)
Stlth   +.........              (no amulet)
HPRegen 0.09/turn               (no ring)
MPRegen 0.08/turn               (no ring)

@: no status effects
A: no striking features
a: Renounce Religion, Fiery Armour, Foxfire Swarm, Rising Flame


You were on level 1 of the Dungeon.
You worshipped Ignis.
Ignis was extremely pleased with you.
You visited 1 branch of the dungeon, and saw 1 of its levels.

Inventory:

Hand Weapons
 a - a -1 hand axe of flaming (weapon)
Armour
 b - a +0 robe (worn)
Scrolls
 d - a scroll of magic mapping {unknown}


   Skills:
 + Level 4.1 Fighting
 + Level 4.2 Axes
 + Level 1.0 Spellcasting
 + Level 3.4 Fire Magic


You had 3 spell levels left.
You didn't know any spells.
Your spell library contained the following spells:

 Spells                   Type           Power      Damage    Failure   Level
 Scorch                   Fire           20%        2d6       10%         2


Dungeon Overview and Level Annotations

Branches:
Dungeon (1/15)

Altars:


Message History

The jackal bites you. The jackal closely misses you.
You miss the jackal. The jackal barely misses you.
The jackal stops to sniff the ground.
The jackal closely misses you.
You closely miss the jackal. You hit the jackal. You burn the jackal.
The jackal misses you.
The jackal bites you but does no damage.
The jackal bites you.
You barely miss the jackal. You closely miss the jackal.
A bat comes into view.
The jackal bites you.
The jackal bites you but does no damage. x2
The bat moves out of view.
You hit the jackal. You burn the jackal.
You kill the jackal!
You hit the jackal. You burn the jackal. The jackal closely misses you.
A quokka comes into view.
The jackal bites you.
You hit the jackal. You burn the jackal.
You kill the jackal!
You barely miss the rat. The rat closely misses you.
Your Fighting skill increases to level 4!
You have reached level 2!
You closely miss the hobgoblin. You barely miss the rat.
The rat barely misses you. The hobgoblin misses you.
You closely miss the hobgoblin. You hit the rat. You burn the rat.
You kill the rat!
The hobgoblin barely misses you.
You barely miss the hobgoblin. You hit the hobgoblin. You burn the hobgoblin.
The hobgoblin closely misses you. The hobgoblin hits you with a +0 club.
* * * LOW HITPOINT WARNING * * *
You barely miss the hobgoblin. You hit the hobgoblin. You burn the hobgoblin.
You kill the hobgoblin!
The hobgoblin hits you with a +0 club.
* * * LOW HITPOINT WARNING * * *
It was a potion of magic.
Magic courses through your body. The quokka bites you.
* * * LOW HITPOINT WARNING * * *
The hobgoblin hits you with a +0 club.
You die...

.........# .#
......#..#..##
....#..#...## #
....g.g.#... #.
##..........
...##..†........
.(...............
##.#..r#######.#
##.g@## #.#
##...## ##.###
##...###....#
##..†#.....#
##........#
###........#
..........<.#
###.........#
###########


You could see a quokka and a hobgoblin.

Vanquished Creatures
  2 hobgoblins (D:1)
  4 jackals (D:1)
  A ball python (D:1)
  A rat (D:1)
8 creatures vanquished.

Notes
Turn   | Place    | Note
-------+----------+-------------------------------------------
     0 | D:1      | SanguineChosen the Hill Orc Cinder Acolyte began the quest
                  | for the Orb.
     0 | D:1      | Reached XP level 1. HP: 19/19 MP: 2/2
    37 | D:1      | Reached XP level 2. HP: 12/27 MP: 3/3
    41 | D:1      | HP: 1/27 [quokka (1)]
    41 | D:1      | Slain by a hobgoblin

Illustrated notes

Levels and vault maps discovered:
D:1:      elethiomel_arrival_shortcut, layout_rooms,
          hellmonk_ecumenical_altar_pennies_from_heaven, minmay_misc_feat_alley,
          minmay_bisected

Skill      XL: |  1 |
---------------+----+-----
Fighting       | 4 |  4.1
Axes           | |  4.2
Spellcasting   | |  1.0
Fire Magic     | |  3.4

Action                   || total
-------------------------++-------
Melee: Hand axe          ||    17
  Use: Potion            ||     1
Armor: Robe              ||     4
Dodge: Dodged            ||    15
